 Dungeon Crawl Stone Soup version 0.30.1-4-g462c640d31 (webtiles) character file.

Game seed: 3436214534637698204

352 shmup the Firebug (level 6, -4/32 HPs)
             Began as a Tengu Fire Elementalist on Aug 10, 2023.
             Slain by Duvessa
             ... wielding a +0 short sword
              (6 damage)
             ... on level 5 of the Dungeon.
             The game lasted 00:07:32 (4139 turns).

shmup the Firebug (Tengu Fire Elementalist)         Turns: 4139, Time: 00:07:33

Health: -4/32      AC:  6    Str:  9    XL:     6   Next: 61%
Magic:  1/10       EV: 14    Int: 17    God:
Gold:   168        SH:  0    Dex: 14    Spells: 6/9 levels left

rFire   . . .        b - +1 dagger (speed)
rCold   . . .        (no shield)
rNeg    . . .        i - +0 robe
rPois   .            (helmet restricted)
rElec   .            (no cloak)
rCorr   .            (no gloves)
SInv    .            (boots unavailable)
Will    .....        g - amulet of magic regeneration
Stlth   ++           e - +4 ring of protection
HPRegen 0.25/turn    (no ring)
MPRegen 0.52/turn

%: no passive effects
@: mighty, flying quickly and evasively, quick
A: beak, talons 3, nimble flight
a: no special abilities


You were on level 5 of the Dungeon.
You visited 1 branch of the dungeon, and saw 5 of its levels.

You collected 168 gold pieces.

Inventory:

Hand Weapons
 a - the +1 mace "Siaschawk" {heavy, Int+4}
   (You found it on level 3 of the Dungeon)

   Int:       It affects your intelligence (+4).
 b - a +1 dagger of speed (weapon)
 q - a +0 sling
Missiles
 k - 29 stones (quivered)
 n - 6 javelins
 r - 6 poisoned darts
Armour
 i - a +0 robe (worn)
Jewellery
 e - a +4 ring of protection (left hand)
 g - an amulet of magic regeneration (around neck)
Scrolls
 c - 2 scrolls of teleportation
 j - a scroll of fear
 m - a scroll of vulnerability
 o - a scroll of poison
 s - a scroll of fog
 t - a scroll of identify
Potions
 d - a potion of magic
 f - a potion of degeneration
 h - 3 potions of mutation
 l - 3 potions of curing


   Skills:
 - Level 2.1 Dodging
 - Level 2.0 Stealth
 - Level 2.0 Spellcasting
 + Level 5.0 Conjurations
 * Level 6.7 Fire Magic


You had 6 spell levels left.
You knew the following spells:

 Your Spells              Type           Power      Damage    Failure   Level
a - Foxfire               Conj/Fire      84%        2x1d8     1%          1
b - Scorch                Fire           48%        2d7       1%          2

Your spell library contained the following spells:

 Spells                   Type           Power      Damage    Failure   Level
 Inner Flame              Hex/Fire       13%        N/A       14%         3
 Volatile Blastmotes      Fire/Tloc      26%        2d12      14%         3
 Flame Wave               Conj/Fire      21%        2d8       17%         4
 Summon Cactus Giant      Summ           0%         N/A       100%        6


Dungeon Overview and Level Annotations

Branches:
Dungeon (5/15) Zot: 25863
 Temple: D:4-7

Altars:
Wu Jian

Annotations:
D:2 1 runed translucent door, Crazy Yiuf
D:5 Dowan, Duvessa


Innate Abilities, Weirdness & Mutations

You have a beak for a mouth.
You have claws for feet.
Your magical nature lets you fly swiftly and evasively.


Message History

Flames lash Duvessa.
Duvessa is burned terribly!
Duvessa is severely wounded.
Duvessa rages.
Duvessa hits you with a +0 short sword.
Unknown command.
Casting: Scorch (safe; 1% risk of failure)
Confirm with . or Enter, or press ? or * to list all spells.
Flames lash Duvessa but do no damage.
Duvessa barely misses you.
Unknown command.
Casting: Scorch (safe; 1% risk of failure)
Confirm with . or Enter, or press ? or * to list all spells.
Flames lash Duvessa.
Duvessa is burned terribly!
Duvessa is almost dead.
Duvessa hits you with a +0 short sword!
* * * LOW HITPOINT WARNING * * *
Duvessa hits you with a +0 short sword!
Ouch! That really hurt!
* * * LOW HITPOINT WARNING * * *
Dowan mumbles some strange words.
Dowan blinks!
Casting: Scorch (safe; 1% risk of failure)
Confirm with . or Enter, or press ? or * to list all spells.
Flames lash Duvessa but do no damage.
Duvessa closely misses you.
Unknown command.
Unknown command.
You can't see any enemies this would affect, really read the scroll of fear?
Okay, then.
Unknown command.
Unknown command.
Unknown command.
Okay, then.
Unknown command.
Unknown command.
Okay, then.
Unknown command.
Okay, then.
Unknown command.
You feel very mighty all of a sudden. Duvessa closely misses you.
Duvessa hits you with a +0 short sword.
You die...

▒%▒ ▒.▒
▒.▒ ▒.▒
▒e▒ ▒.▒
▒.▒
▒▒▒▒▒▒▒.▒
▒Qe.....▒
▒.▒▒▒▒▒▒▒
▒.▒ ▒.▒
▒.▒▒▒▒▒
▒...<.▒
▒.▒▒▒▒▒
▒▒▒


You could see Duvessa (berserk, combustible).

Vanquished Creatures
  An ogre (D:4)
  2 iguanas
  Natasha (thrice) (D:4)
  Robin (D:4)
  4 adders
  2 worms (D:2)
  A dart slug (D:2)
  2 orcs (D:4)
  9 ball pythons
  5 endoplasms
  A giant cockroach (D:2)
  16 goblins
  13 hobgoblins
  2 jackals (D:1)
  8 kobolds
  2 quokkas
  7 bats
  8 rats
87 creatures vanquished.

Vanquished Creatures (others)
  179 foxfires
179 creatures vanquished.

Grand Total: 266 creatures vanquished

Notes
Turn   | Place    | Note
-------+----------+-------------------------------------------
     0 | D:1      | shmup the Tengu Fire Elementalist began the quest for the
                  | Orb.
     0 | D:1      | Reached XP level 1. HP: 10/10 MP: 4/4
   219 | D:1      | Reached XP level 2. HP: 11/15 MP: 0/6
   222 | D:1      | Learned a level 2 spell: Scorch
   360 | D:1      | Found a faded altar of an unknown god.
   361 | D:1      | Noticed a floating eye
   383 | D:1      | Noticed a shining eye
   383 | D:1      | Noticed an eye of devastation
   383 | D:1      | Noticed a shining eye
   416 | D:1      | Reached skill level 4 in Fire Magic
   764 | D:1      | Reached XP level 3. HP: 19/19 MP: 2/7
  1880 | D:2      | Reached XP level 4. HP: 24/24 MP: 6/8
  2051 | D:2      | Found a runed translucent door.
  2052 | D:2      | Noticed Crazy Yiuf
  2195 | D:3      | Identified the +1 mace "Siaschawk" {heavy, Int+4}
  3044 | D:3      | Found an ornate altar of the Wu Jian Council.
  3151 | D:4      | Noticed Natasha
  3269 | D:4      | Killed Natasha
  3270 | D:4      | Reached skill level 5 in Fire Magic
  3287 | D:4      | Noticed Natasha
  3304 | D:4      | Killed Natasha
  3305 | D:4      | Gained mutation: Your magical nature lets you fly swiftly
                  | and evasively. [Tengu growth]
  3305 | D:4      | Reached XP level 5. HP: 25/28 MP: 4/9
  3402 | D:4      | Noticed Natasha
  3412 | D:4      | Killed Natasha
  3530 | D:4      | Noticed Robin
  3569 | D:4      | Killed Robin
  3613 | D:4      | Noticed an ogre
  3626 | D:4      | Killed an ogre
  3627 | D:4      | Reached skill level 6 in Fire Magic
  3627 | D:4      | Reached XP level 6. HP: 32/32 MP: 6/10
  4029 | D:5      | Entered Level 5 of the Dungeon
  4069 | D:5      | Reached skill level 5 in Conjurations
  4109 | D:5      | Noticed Duvessa
  4109 | D:5      | Noticed Dowan
  4139 | D:5      | Slain by Duvessa

Illustrated notes

Levels and vault maps discovered:
D:1:      kennysheep_arrival_forest, layout_rooms, serial_rivers,
          chequers_serial_rivers_small_b, chequers_serial_rivers_large_b,
          chequers_serial_rivers_marsh, chequers_serial_rivers_micro_c,
          chequers_serial_rivers_small_b, chequers_serial_rivers_marsh,
          hellmonk_ecumenical_altar_watching_god, minmay_pentomino_r2
D:2:      layout_loops_ring, uniq_crazy_yiuf_cottage
D:3:      minmay_general_purpose_star, layout_basic,
          nicolae_wu_jian_immortal_techniques
D:4:      layout_basic, kennysheep_generic_room_3, uniq_natasha, uniq_robin
D:5:      layout_basic, hangedman_abyss_or_decor_jellyfish_corner, uniq_duvessa

Skill      XL: |  1  2  3  4  5  6 |
---------------+-------------------+-----
Conjurations   | 2 3 4 5 |  5.0
Fire Magic     | 4 5 6 |  6.7
Dodging        | |  2.1
Stealth        | |  2.0
Spellcasting   | |  2.0

Action                     |  1- 3 |  4- 6 || total
---------------------------+-------+-------++-------
  Melee: Dagger            |     1 |    11 ||    12
         Kick              |       |     3 ||     3
         Punch             |       |     1 ||     1
   Cast: Foxfire           |    60 |    54 ||   114
         Scorch            |     9 |    31 ||    40
    Use: Scroll            |     8 |     5 ||    13
         Potion            |       |     1 ||     1
 Armour: Robe              |     2 |     7 ||     9
  Dodge: Dodged            |    13 |    14 ||    27
